 Dungeon Crawl Stone Soup version 0.16.2-12-gd0ad4c3 (webtiles) character file.

1461464 faibistes the Archmage (level 27, -9/193 HPs)
             Began as a Deep Elf Wizard on Mar 3, 2019.
             Was the Champion of Sif Muna.
             Killed from afar by a Brimstone Fiend (23 damage)
             ... with a blast of hellfire
             ... on level 17 of a ziggurat on Mar 5, 2019.
             The game lasted 13:06:10 (181494 turns).

faibistes the Archmage (Deep Elf Wizard)          Turns: 181494, Time: 13:06:12

Health: -9/193     AC: 18    Str:  4      XL:     27
Magic:  0/68       EV: 41    Int: 44      God:    Sif Muna [******]
Gold:   16963      SH:  0    Dex: 20 (21) Spells: 12 memorised, 0 levels left

rFire  + . .     SeeInvis .     w - staff of power
rCold  + + +     Clarity  .     k - +2 robe {Archmagi}
rNeg   + + +     SustAb   .     (no shield)
rPois  ∞         Gourm    .     d - -2 hat of the Alchemist {rElec rPois rF+ rC+ rN+ MR+ rMut rCorr}
rElec  +         Spirit   .     O - +3 cloak of Flash {+Fly EV+4}
rCorr  +         Warding  .     T - +2 pair of fencer's gloves {EV+3 Dex+6 Slay+2}
rMut   +         Stasis   .     f - +2 pair of boots of the Assassin {Stlth++}
MR     ++++.                    l - amulet "Esuwolae" {rC+ rN+ Regen+ Int+3 Dex+2 Slay-3}
Stlth  ++++......               S - ring of Generosity {MP+9 Int+4}
                                e - ring of Shaolin {EV+8}

@: about to teleport, lich-form (expiring), slowed, deflect missiles, very slow,
incredibly resistant to hostile enchantments, stealthy
A: no striking features
a: End Transformation, Channel Energy, Forget Spell, Renounce Religion, Evoke
Flight
}: 15/15 runes: barnacled, slimy, silver, golden, iron, obsidian, icy, bone,
abyssal, demonic, glowing, magical, fiery, dark, gossamer


You were on level 17 of a ziggurat.
You worshipped Sif Muna.
Sif Muna was exalted by your worship.
You were not hungry.
You were a lich.
You visited 18 branches of the dungeon, and saw 97 of its levels.
You visited Pandemonium 1 time, and saw 26 of its levels.
You visited the Abyss 1 time.
You visited 1 ziggurat, and saw 17 of its levels.
You also visited: Trove, Ossuary and Bailey.

You collected 20160 gold pieces.
You spent 3197 gold pieces at shops.

Inventory:

Armour
 b - the +3 helmet of Ytetut {rF+ rN+ Int+3}
   (You bought it in a shop on level 4 of the Dungeon)

   It affects your intelligence (+3).
   It protects you from fire.
   It protects you from negative energy.
 d - the -2 hat of the Alchemist (worn) {rElec rPois rF+ rC+ rN+ MR+ rMut rCorr}
   (You found it on level 9 of a ziggurat)

   It protects you from fire.
   It protects you from cold.
   It insulates you from electricity.
   It protects you from poison.
   It protects you from negative energy.
   It affects your resistance to hostile enchantments.
   It protects you from acid and corrosion.
   It protects you from mutation.
 f - the +2 pair of boots of the Assassin (worn) {Stlth++}
   (You found it on level 10 of a ziggurat)

   It makes you much more stealthy.
 k - a +2 robe of the Archmagi (worn)
 O - the +3 cloak of Flash (worn) {+Fly EV+4}
   (You found it on level 8 of the Lair of Beasts)

   It affects your evasion (+4).
   It lets you fly.
 T - the +2 pair of fencer's gloves (worn) {EV+3 Dex+6 Slay+2}
   (You found it on level 1 of the Lair of Beasts)

   It affects your evasion (+3).
   It affects your dexterity (+6).
   It affects your accuracy and damage with ranged weapons and melee attacks
   (+2).
Magical staves
 w - an uncursed staff of power (weapon)
Jewellery
 e - the ring of Shaolin (left hand) {EV+8}
   (You found it on level 6 of the Dungeon)

   [ring of evasion]

   It affects your evasion (+8).
 h - the amulet "Laivuetz" {Clar Str+5}
   (You found it on level 15 of a ziggurat)

   [amulet of clarity]

   It provides mental clarity.
   It affects your strength (+5).
 l - the amulet "Esuwolae" (around neck) {rC+ rN+ Regen+ Int+3 Dex+2 Slay-3}
   (You found it in Pandemonium)

   [amulet of regeneration]

   It affects your intelligence (+3).
   It affects your dexterity (+2).
   It affects your accuracy and damage with ranged weapons and melee attacks
   (-3).
   It protects you from cold.
   It protects you from negative energy.
   It increases your rate of regeneration.
 n - the amulet of the Snail {Gourm rElec rC+ Str+2 Slay+3}
   (You found it on level 7 of Tartarus)

   [amulet of the gourmand]

   It allows you to eat raw meat even when not hungry.
   It affects your strength (+2).
   It affects your accuracy and damage with ranged weapons and melee attacks
   (+3).
   It protects you from cold.
   It insulates you from electricity.
 C - the amulet "Juoptenteih" {rCorr rF- MP+9 Str+5 Dex-3}
   (You found it on level 7 of a ziggurat)

   [amulet of resist corrosion]

   It protects you from acid and corrosion.
   It affects your strength (+5).
   It affects your dexterity (-3).
   It makes you vulnerable to fire.
   It affects your magic capacity (+9).
 H - the ring "Vaghown" {+cTele rC++ Dex+4 Slay-3 SInv}
   (You found it on level 3 of the Tomb of the Ancients)

   [ring of teleport control]

   It can be evoked for teleport control.
   It affects your dexterity (+4).
   It affects your accuracy and damage with ranged weapons and melee attacks
   (-3).
   It greatly protects you from cold.
   It enhances your eyesight.
 S - the ring of Generosity (right hand) {MP+9 Int+4}
   (You took it off a deep elf death mage on level 3 of the Elven Halls)

   [ring of intelligence]

   It affects your intelligence (+4).
   It affects your magic capacity (+9).
 Y - an uncursed amulet of resist mutation
Magical devices
 j - a wand of cold (3)
 r - a wand of lightning (6)
 E - a wand of teleportation (3)
 G - a wand of paralysis (16)
 I - a wand of fire (9)
 L - a wand of fireball (2)
 N - a wand of cold (8)
 X - a wand of invisibility (4)
 Z - a wand of digging (3)
Scrolls
 g - 6 scrolls of immolation
 i - 3 scrolls of torment
 m - 6 scrolls of magic mapping
 s - 12 scrolls of fog
 t - 12 scrolls of recharging
 u - 10 scrolls of fear
 y - 25 scrolls of teleportation
 z - 3 scrolls of summoning
 J - 12 scrolls of remove curse
 M - 16 scrolls of blinking
 R - 10 scrolls of identify
 V - 4 scrolls of holy word
Potions
 o - 9 potions of brilliance
 p - 15 potions of heal wounds
 q - 10 potions of restore abilities
 x - 26 potions of curing
 A - 4 potions of magic
 B - 3 potions of invisibility
 D - 12 potions of cure mutation
 P - 7 potions of haste
 U - 8 potions of resistance
 W - 9 potions of ambrosia
Miscellaneous
 c - a phial of floods
Comestibles
 a - 31 meat rations
 v - 2 bread rations


   Skills:
 * Level 25.1 Fighting
 + Level 15.4 Dodging
 - Level 2.4 Stealth
 O Level 27 Spellcasting
 O Level 27 Conjurations
 - Level 11.7 Charms
   Level 1.1 Summonings
 - Level 16.7 Necromancy
 - Level 12.4 Translocations
 - Level 15.0 Transmutations
 O Level 27 Fire Magic
 O Level 27 Ice Magic
 - Level 3.2 Air Magic
 O Level 27 Earth Magic
   Level 1.6 Poison Magic
 O Level 27 Invocations
 * Level 18.4 Evocations


You couldn't memorise any spells.
You knew the following spells:

 Your Spells              Type           Power        Failure   Level  Hunger
a - Lehudib's Crystal Sp  Conj/Erth      #########.   1%          8    N/A
b - Ring of Flames        Chrm/Fire      ########..   1%          7    N/A
c - Glaciate              Conj/Ice       #########.   1%          9    N/A
d - Controlled Blink      Tloc           N/A          1%          7    N/A
f - Deflect Missiles      Chrm/Air       ########..   1%          6    N/A
g - Apportation           Tloc           ########..   0%          1    N/A
h - Haste                 Chrm           ########     1%          6    N/A
l - Shatter               Erth           #########.   1%          9    N/A
n - Necromutation         Trmt/Necr      #########.   2%          8    N/A
v - Bolt of Fire          Conj/Fire      #########.   0%          6    N/A
x - Force Lance           Conj/Tloc      ########     0%          4    N/A
z - Fire Storm            Conj/Fire      #########.   1%          9    N/A

Dungeon Overview and Level Annotations

Branches:
Dungeon (15/15)            Temple (1/1) D:5            Lair (8/8) D:11
 Shoals (5/5) Lair:4       Spider (5/5) Lair:6        Slime (6/6) Lair:6
    Orc (4/4) D:9             Elf (3/3) Orc:3        Vaults (5/5) D:13
  Crypt (3/3) Vaults:3       Tomb (3/3) Crypt:3      Depths (5/5) D:15
   Hell (1/1)                 Dis (7/7) Hell            Geh (7/7) Hell
    Coc (7/7) Hell            Tar (7/7) Hell            Zot (5/5) Depths:5

Altars:
Ashenzari
Cheibriados
Dithmenos
Elyvilon
Fedhas
Gozag
Kikubaaqudgha
Makhleb
Nemelex Xobeh
Okawaru
Qazlal
Ru
Sif Muna
Trog
Vehumet
Xom
Yredelemnul
Zin
The Shining One
Jiyva

Shops:
D:4 *   D:9 }   Orc:4 =*[   Depths:4 :

Portals:
Hell: Depths:1 Depths:2 Depths:3 Depths:4 Depths:5
Abyss: Depths:2 Depths:3 Depths:4
Pandemonium: Depths:3


Message History

As you read the scroll of teleportation, it crumbles to dust.
You feel strangely unstable.
Your transformation is almost over.
The orange demon is engulfed in freezing vapours.
The neqoxec gestures at you.
Something tries to feed on your intellect!
The Brimstone Fiend gestures at you.
The hellfire explodes!
The blast of hellfire engulfs you!
* * * LOW HITPOINT WARNING * * *
The shadow demon is engulfed in roaring flames.
The gelid corrupter calls forth creatures from the Swamp!
The reaper misses you.
Your fire vortex is engulfed in freezing vapours.
Your fire vortex closely misses the shadow demon.
The orange demon is engulfed in freezing vapours.
The neqoxec gestures at you.
Something tries to feed on your intellect!
The Brimstone Fiend gestures at you.
The hellfire explodes!
The blast of hellfire engulfs you!
You die...

▓▓▓▓▓▓ ▓▓......
▓▓..§..§.
▓▓§.§§§§§..
▓▓vv§.§§3§§.
▓▓.§§§§§§§§§§
▓▓§§§vD§§§§§§#
▓▓.§§v26§.§##8#
▓L§§§§14§3§§8§22
▓▓§2§4§8§§§§#§#
▓▓§§§§§.5§§#
▓▓§§§§...§§.
▓▓§§.......
▓▓§......
▓▓..... ▓▓...


You could see a Brimstone Fiend, a gelid corrupter, a reaper, a five-headed
hydra, a shadow demon, an orange demon, a hellwing, a neqoxec and 4 friendly
fire vortices.

Vanquished Creatures
  Antaeus (Coc:7)
  Asmodeus (Geh:7)
  Cerebov (Pan)
  the Serpent of Hell (Dis:7)
  the royal jelly (Slime:6)
  Ereshkigal (Tar:7)
  Gloorx Vloq (Pan)
  Mnoleg (Pan)
  The ghost of TheNamelessOne the Sorcerer, a legendary HEFE of Vehumet (Coc:7)
  Dispater (Dis:7)
  Lom Lobon (Pan)
  4 orbs of fire (Zot:5)
  10 ancient liches
  28 greater mummies
  Sojobo (Tomb:2)
  13 shard shrikes
  Margery (Depths:3)
  Norris (Vaults:1)
  4 curse toes
  6 pandemonium lords
  15 Killer Klowns
  Mara (Depths:4)
  Mennas (Crypt:3)
  Geryon (Hell)
  17 golden dragons
  Jory (Depths:2)
  Frederick (Vaults:4)
  9 bone dragons
  40 Brimstone Fiends
  5 electric golems
  2 hellephants (Abyss:3)
  12 Hell Sentinels
  30 tentacled monstrosities
  23 Ice Fiends
  29 Shadow Fiends
  25 Orb Guardians (Zot:5)
  2 deep elf blademasters (Elf:3)
  18 liches
  8 titans
  3 quicksilver dragons
  3 deep elf master archers (Elf:3)
  13 sphinxes
  19 acid blobs
  6 krakens
  A thorn hunter (Zig:10)
  8 tentacled starspawn
  An octopode crusher (Shoals:4)
  35 Executioners
  11 ancient champions
  Rupert (Spider:5)
  9 shadow dragons
  Agnes (Shoals:4)
  15 tengu reavers
  19 storm dragons
  9 revenants
  13 azure jellies
  13 draconian monks
  The ghost of faibistes the Eclecticist, a mighty DEWz of Sif Muna (Shoals:5)
  Ilsuiw (Shoals:5)
  Donald (Orc:4)
  21 vault wardens
  24 iron dragons
  20 frost giants
  15 fire giants
  5 draconian scorchers
  15 ghost moths
  13 black suns
  4 greater nagas (Zig:15)
  8 deep elf sorcerers
  49 balrugs
  A frost giant (shapeshifter) (Depths:5)
  12 draconian zealots
  19 cacodemons
  9 draconian knights
  6 curse skulls
  27 emperor scorpions
  9 warmongers
  A ghost moth (shapeshifter) (Depths:4)
  16 draconian annihilators
  13 ghouls
  83 reapers
  7 spriggan defenders
  7 draconian shifters
  16 ironheart preservers
  6 draconian callers
  6 elemental wellsprings
  6 black draconians
  11 very ugly things
  21 war gargoyles
  13 vampire knights
  14 deep elf annihilators
  11 salamander firebrands
  12 deep elf demonologists
  24 stone giants
  6 chaos champions (Pan)
  8 pale draconians
  14 starcursed masses
  6 grey draconians
  10 lorocyprocas
  7 dire elephants
  6 red draconians
  A spectral titan (Tomb:1)
  8 blood saints
  10 corrupters
  9 green draconians
  11 unborn
  6 yellow draconians
  7 white draconians
  10 purple draconians
  7 mottled draconians
  10 eidola
  18 ettins
  17 deep elf death magi
  41 vault guards
  23 blizzard demons
  7 merfolk javelineers
  11 jiangshi
  27 mummy priests
  12 bennus
  5 minotaurs
  24 fire dragons
  A crystal guardian (Vaults:3)
  10 deep elf high priests
  6 death oozes (Slime:6)
  27 green deaths
  17 merfolk impalers
  6 quicksilver dragon zombies
  Josephine (Elf:1)
  9 hell beasts
  11 great orbs of eyes
  16 death cobs
  24 yaktaur captains
  9 rakshasas
  3 kraken zombies
  2 spectral krakens (Tar:7)
  A hydra (shapeshifter) (Vaults:5)
  6 quicksilver dragon skeletons
  40 ice dragons
  A catoblepas (Depths:3)
  15 hydras
  A ghost crab (Tar:2)
  Nessos (D:12)
  A merfolk avatar (Shoals:3)
  7 spriggan air magi
  12 monstrous demonspawn (Pan)
  An alligator (Zig:10)
  6 deep troll earth magi
  An alligator snapping turtle (Shoals:5)
  Erica (Elf:1)
  4 death knights
  15 centaur warriors
  4 merfolk aquamancers
  2 anacondas (shapeshifter)
  4 tengu warriors
  A satyr (Shoals:5)
  22 ogre magi
  5 spriggan berserkers
  47 death yaks
  16 dancing weapons
  6 deep troll shamans
  33 hell hogs
  5 orc high priests (Orc:4)
  8 vampire magi
  A spectral storm dragon (Tomb:1)
  6 titan zombies
  Urug (D:13)
  3 iron golems
  74 sun demons
  8 thrashing horrors (Abyss:3)
  13 storm dragon zombies
  8 titan skeletons
  The ghost of faibistes the Thaumaturge, an experienced DEWz of Sif Muna (Bailey)
  69 hell knights
  47 soul eaters
  12 wretched stars
  7 iron trolls
  26 death scarabs
  112 skeletal warriors
  20 shadow wraiths
  2 fire crabs
  65 ice devils
  A fire crab (shapeshifter) (Vaults:4)
  11 gelid demonspawn
  4 salamander mystics
  29 flayed ghosts
  2 quicksilver dragon simulacra
  11 infernal demonspawn (Pan)
  5 golden dragon zombies
  4 storm dragon skeletons
  75 large abominations
  2 ghost moth zombies
  10 ball lightnings (Pan)
  3 spatial maelstroms (Abyss:3)
  2 spriggan druids (Zig:10)
  21 deep trolls
  25 deep elf knights
  8 unseen horrors
  A hill giant (shapeshifter) (Vaults:5)
  15 anaconda zombies
  A giant orange brain (shapeshifter) (D:13)
  3 swamp dragons
  2 ice statues (Coc:7)
  4 anaconda skeletons
  2 shambling mangroves (Zig:10)
  5 death drakes
  30 shadow demons
  17 harpies
  21 sea snakes
  17 deep elf summoners
  12 oklob plants
  32 anubis guards
  A spectral hydra (Zig:16)
  27 deep elf conjurers
  4 wolf spider zombies
  5 golden dragon skeletons
  13 hill giants
  4 giant orange brains
  11 putrid demonspawn (Pan)
  16 torturous demonspawn (Pan)
  2 mana vipers (Tomb:1)
  A shadow dragon zombie (Coc:7)
  46 ugly things
  33 phantasmal warriors
  The ghost of faibistes the Thaumaturge, an experienced DEWz of Sif Muna (Bailey)
  A lindwurm (shapeshifter) (Depths:4)
  20 orc knights
  A kraken simulacrum (Coc:7)
  29 orb spiders
  11 wizards
  2 sphinx zombies
  23 necromancers
  6 frost giant zombies
  8 orc sorcerers
  19 manticores
  10 fire giant zombies
  16 hornets
  2 iron dragon zombies
  18 ironbrand convokers
  11 shining eyes
  8 shadow dragon skeletons
  17 cyclopes
  7 fauns
  6 stone giant zombies
  2 hornets (shapeshifter)
  3 draconians (shapeshifter)
  27 moths of wrath
  2 tengu skeletons
  32 wolf spiders
  4 shock serpent zombies
  11 griffons
  16 salamanders
  7 water nymphs
  An anubis guard (shapeshifter) (Vaults:5)
  2 moths of wrath (shapeshifter)
  A shining eye (shapeshifter) (Depths:1)
  45 sixfirhies
  7 frost giant skeletons
  17 elephants
  A hell hog skeleton (Hell)
  6 iron dragon skeletons
  3 eyes of devastation
  5 gargoyles
  13 worldbinders
  4 black mambas
  4 stone giant skeletons
  A spriggan zombie (Depths:4)
  14 vault sentinels
  Maurice (D:12)
  29 spiny frogs
  5 dire elephant zombies
  An eye of devastation (shapeshifter) (Depths:5)
  3 human skeletons
  15 sirens
  The ghost of faibistes the Thaumaturge, an experienced DEWz of Sif Muna (Bailey)
  2 apocalypse crabs (Abyss:3)
  8 fire giant skeletons
  4 torpor snails
  A storm dragon simulacrum (Tomb:1)
  7 molten gargoyles
  A guardian serpent (shapeshifter) (Vaults:2)
  35 demonic crawlers
  12 spectral swamp worms (Tar:7)
  3 naga magi (Zig:15)
  8 dire elephant skeletons
  64 hellions
  62 orange demons
  43 rust devils
  4 kobold demonologists
  44 tormentors
  3 centaur skeletons
  An emperor scorpion zombie (Tar:1)
  A shock serpent skeleton (Crypt:2)
  A titan simulacrum (Tomb:1)
  35 hellwings
  A black draconian zombie (Geh:2)
  A sea snake zombie (Crypt:2)
  An anaconda simulacrum (Hell)
  3 silent spectres
  2 ghoul skeletons
  68 red devils
  3 tengu conjurers
  7 komodo dragons
  2 fire drakes (shapeshifter)
  38 guardian mummies
  A yaktaur (shapeshifter) (Vaults:4)
  23 deep elf priests
  10 efreet
  A golden dragon simulacrum (Crypt:1)
  91 yaktaurs
  4 harpy zombies
  11 ancient zymes
  A queen bee (shapeshifter) (Vaults:3)
  A redback zombie (D:13)
  A purple draconian skeleton (Crypt:1)
  A yaktaur skeleton (Vaults:4)
  58 freezing wraiths
  70 smoke demons
  12 trolls
  51 blue devils
  A minotaur zombie (Coc:4)
  2 jumping spiders (shapeshifter)
  A merfolk (shapeshifter) (Vaults:4)
  67 merfolk
  2 blink frogs (shapeshifter)
  3 catoblepas skeletons
  11 hydra zombies
  A tengu simulacrum (Vaults:4)
  2 wandering mushrooms
  11 hydra skeletons
  9 harpy skeletons
  90 slime creatures
  194 fire vortices
  40 jumping spiders
  2 wolf spider simulacra
  37 two-headed ogres
  7 giant leeches
  A shadow dragon simulacrum (Tomb:1)
  3 fire drakes
  A wind drake (shapeshifter) (Depths:3)
  Grinder (D:4)
  Prince Ribbit (Lair:1)
  A boulder beetle (shapeshifter) (Vaults:5)
  A polar bear (Lair:8)
  13 ushabtiu
  14 ettin zombies
  58 blink frogs
  2 hornet zombies
  A raven (shapeshifter) (Vaults:1)
  5 ice dragon zombies
  4 wind drakes
  9 alligator zombies
  A bog body (Crypt:3)
  9 boulder beetles
  40 shadows
  9 snapping turtles
  6 fire dragon zombies
  An iron dragon simulacrum (Coc:5)
  15 ravens
  190 flying skulls
  36 trapdoor spiders
  2 fire giant simulacra
  21 raiju
  A basilisk (shapeshifter) (Abyss:3)
  2 spriggans (Depths:2)
  3 alligator skeletons
  3 ettin skeletons
  3 fire dragon skeletons
  3 ice dragon skeletons
  28 redbacks
  A spriggan (shapeshifter) (Vaults:3)
  43 wraiths
  4 basilisks
  43 deep elf magi
  2 redbacks (shapeshifter)
  A spriggan simulacrum (Zig:14)
  12 air elementals
  28 tarantellas
  45 yaks
  21 vampires
  33 ynoxinuls
  20 hippogriffs
  34 water elementals
  A black mamba skeleton (Geh:2)
  22 fire elementals
  10 humans
  A human (shapeshifter) (Vaults:5)
  9 fire bats
  5 golden eyes
  47 deep elf fighters
  A yak (shapeshifter) (Vaults:2)
  9 mottled dragons
  22 vampire mosquitoes
  18 wolves
  A wind drake skeleton (Crypt:2)
  A hippogriff (shapeshifter) (Depths:1)
  14 hungry ghosts
  2 golden eyes (shapeshifter)
  7 wargs
  5 wyverns
  12 chaos spawn
  15 spatial vortices
  3 soldier ants (D:12)
  3 steam dragons (Zig:11)
  An infernal demonspawn zombie (Dis:6)
  Edmund (D:4)
  24 neqoxecs
  A human zombie (Zig:16)
  A merfolk zombie (Geh:7)
  8 swamp drakes
  12 water moccasins
  2 deep troll skeletons
  12 spiny frog zombies
  A black bear (shapeshifter) (Depths:1)
  12 porcupines
  3 swamp dragon zombies
  An eye of draining (shapeshifter) (Vaults:2)
  A lindwurm zombie (Crypt:1)
  71 orc warriors
  9 spiny frog skeletons
  46 spiders
  An anubis guard zombie (Tomb:1)
  8 sky beasts
  4 black bears
  6 phantoms
  3 snapping turtle zombies
  76 hell hounds
  An ettin simulacrum (Coc:5)
  7 boring beetles
  A manticore zombie (Coc:7)
  15 boggarts
  8 eyes of draining
  4 snapping turtle skeletons
  15 ice beasts
  5 swamp dragon skeletons
  2 tengu (shapeshifter)
  77 ogres
  23 necrophages
  10 wasps
  A torpor snail zombie (D:15)
  Sigmund (D:7)
  5 big kobolds
  A lost soul (Crypt:3)
  14 crocodiles
  6 brain worms (Pan)
  An elf simulacrum (Depths:4)
  25 small abominations
  2 elf zombies
  Blork the orc (D:4)
  36 centaurs
  2 wyvern zombies
  An earth elemental (Abyss:1)
  A giant frog (shapeshifter) (Vaults:3)
  4 elf skeletons
  A water moccasin zombie (D:9)
  11 killer bees
  2 water moccasin skeletons
  27 giant frogs
  9 scorpions
  A troll zombie (Geh:7)
  A snapping turtle simulacrum (Tomb:1)
  17 electric eels
  A spriggan skeleton (Coc:2)
  A spectral ogre (Tar:2)
  5 quasits
  52 wights
  36 crimson imps
  A giant frog zombie (D:7)
  3 goliath beetles
  A wasp zombie (D:10)
  Crazy Yiuf (D:5)
  3 giant frog skeletons
  26 jellies
  2 centaur zombies
  An iguana (shapeshifter) (Depths:2)
  9 hounds
  36 orc wizards
  11 iron imps
  10 worker ants
  Natasha (twice) (D:4)
  52 orc priests
  7 iguanas
  6 hell rats (Hell)
  A lightning spire (Zig:13)
  A crocodile zombie (Crypt:1)
  A sky beast zombie (Crypt:1)
  26 sheep
  A necrophage skeleton (Tar:7)
  An ogre zombie (Geh:7)
  A hound zombie (D:7)
  3 hound skeletons
  58 mummies
  13 gnolls
  24 adders
  89 river rats
  17 shadow imps
  A swamp drake zombie (Crypt:1)
  2 giant mites
  31 white imps
  5 worms
  4 giant eyeballs (Pan)
  24 ufetubi
  An adder zombie (Ossuary)
  3 adder skeletons
  5 giant geckos
  An ooze (D:2)
  251 orcs
  A ball python (D:3)
  A bat skeleton (D:6)
  7 giant cockroaches
  29 hobgoblins
  14 jackals
  14 quokkas
  18 bats
  A giant cockroach zombie (D:5)
  A giant gecko skeleton (D:4)
  6 giant newts
  2 giant spores
  2 gnoll zombies (D:4)
  23 goblins
  2 goblin zombies (Ossuary)
  8 hobgoblin zombies (Ossuary)
  A jackal zombie (Ossuary)
  59 kobolds
  A kobold simulacrum (Crypt:1)
  2 kobold skeletons
  11 kobold zombies (Ossuary)
  2 lurking horrors
  9 orc zombies (Ossuary)
  A quokka skeleton (D:4)
  18 rats
  3 rat zombies (Ossuary)
  6 ballistomycetes (D:9)
  48 blocks of ice
  34 bushes
  9 crawling corpses
  22 fungi
  4 grand avatars (Pan)
  56 plants
  4 starspawn tentacles (Abyss:3)
  18 tentacles
  4 tentacle segments
7444 creatures vanquished.

Vanquished Creatures (collateral kills)
  2 ancient liches
  2 greater mummies
  A Shadow Fiend (Pan)
  An acid blob (Slime:6)
  An Executioner (Pan)
  An azure jelly (Slime:6)
  A draconian monk (Zot:3)
  A vault warden (Vaults:5)
  A draconian knight (Zot:5)
  A draconian scorcher (Zot:3)
  A frost giant (Depths:4)
  A cacodemon (Pan)
  An emperor scorpion (Tomb:3)
  A reaper (Coc:4)
  A grey draconian (Zot:5)
  A chaos champion (Pan)
  A yellow draconian (Zot:1)
  A black draconian (Zot:3)
  A purple draconian (Zot:2)
  An eidolon (Zig:16)
  A quicksilver dragon skeleton (Pan)
  2 hell hogs (Abyss:3)
  A soul eater (Tar:7)
  A titan skeleton (Tomb:1)
  A skeletal warrior (Coc:5)
  A death scarab (Tomb:1)
  A ball lightning (Pan)
  An infernal demonspawn (Pan)
  A golden dragon zombie (Coc:6)
  A shadow dragon zombie (Tar:7)
  A golden dragon skeleton (Coc:5)
  A kraken simulacrum (Coc:6)
  A necromancer (Geh:7)
  An anubis guard (Tomb:3)
  A phantasmal warrior (Tomb:3)
  A hornet (Zig:12)
  An iron dragon zombie (Dis:4)
  An apocalypse crab (Abyss:3)
  A frost giant skeleton (Crypt:3)
  2 moths of wrath
  An elf zombie (Zig:16)
  A worldbinder (Abyss:3)
  A sixfirhy (Hell)
  An ancient zyme (Abyss:3)
  2 guardian mummies
  3 hydra zombies
  A fire dragon zombie (Coc:5)
  A basilisk (shapeshifter) (Depths:4)
  An alligator zombie (Geh:5)
  2 large abominations (Pan)
  A flying skull (Tomb:2)
  A blink frog (Zig:10)
  An ettin zombie (Geh:7)
  A water elemental (Coc:7)
  2 tarantellas (Zig:12)
  A shadow (Crypt:3)
  A chaos spawn (Pan)
  A human (Zot:3)
  A deep elf fighter (Abyss:3)
  A golden eye (Slime:6)
  2 neqoxecs (Pan)
  A small abomination (Abyss:3)
  A swamp drake (Zig:10)
  A snapping turtle zombie (Coc:4)
  A necrophage (Tar:7)
  A brain worm (Pan)
  A giant frog (D:7)
  3 wights
  An orc priest (D:4)
  7 jellies
  2 hell rats
  12 mummies
  2 gnolls
  An adder (D:7)
  A shadow imp (Abyss:3)
  5 white imps
  A worm (D:3)
  A giant eyeball (Pan)
  An ufetubus (Abyss:3)
  A giant cockroach (D:6)
  A rat (D:7)
  3 crawling corpses (Elf:3)
  A starspawn tentacle (Abyss:3)
120 creatures vanquished.

Vanquished Creatures (others)
  An ancient champion (Tomb:2)
  4 eldritch tentacles
  A quicksilver dragon zombie (Tomb:2)
  A quicksilver dragon skeleton (Tomb:2)
  A fire dragon (Zot:5)
  A storm dragon zombie (Geh:7)
  5 ball lightnings (Pan)
  10 death scarabs
  A deep elf summoner (Depths:3)
  A necromancer (Depths:3)
  A stone giant zombie (Geh:7)
  A smoke demon (Pan)
  A hellwing (Pan)
  1140 fire vortices
  A two-headed ogre (Depths:3)
  6 flying skulls
  An ettin zombie (Geh:7)
  A vampire (Geh:7)
  2 wraiths (Geh:7)
  A swamp worm (shapeshifter) (Depths:2)
  A water moccasin (D:9)
  5 lost souls
  A troll zombie (Tomb:2)
  A goliath beetle (Lair:5)
  4 crimson imps
  3 mummies
  A gnoll (D:12)
  7 white imps
  A shadow imp (D:6)
  An ufetubus (Zig:17)
  2 orcs
  2 giant spores (D:9)
  A lurking horror (Abyss:3)
  3 ballistomycetes (D:9)
  234 blocks of ice
  380 eldritch tentacle segments
  57 fungi
  45 plants
  8 starspawn tentacles
  29 starspawn tentacle segments (Abyss:3)
  62 tentacles
  738 tentacle segments
2767 creatures vanquished.

Grand Total: 10331 creatures vanquished

Notes
Turn   | Place    | Note
--------------------------------------------------------------
     0 | D:1      | faibistes, the Deep Elf Wizard, began the quest for the Orb.
     0 | D:1      | Reached XP level 1. HP: 10/10 MP: 6/6
   401 | D:1      | Reached XP level 2. HP: 15/15 MP: 2/10
   416 | D:1      | Learned a level 2 spell: Blink
   420 | D:1      | Learned a level 2 spell: Call Imp
   638 | D:1      | Found a glowing golden altar of the Shining One.
   754 | D:1      | Reached skill level 5 in Spellcasting
  1058 | D:1      | Reached XP level 3. HP: 19/19 MP: 12/14
  1063 | D:1      | Learned a level 3 spell: Conjure Flame
  1067 | D:1      | Learned a level 3 spell: Mephitic Cloud
  1490 | D:2      | Reached XP level 4. HP: 24/24 MP: 4/17
  1584 | D:2      | Learned a level 2 spell: Repel Missiles
  2402 | D:2      | Reached skill level 6 in Spellcasting
  2462 | D:2      | Found a sacrificial altar of Ru.
  2706 | D:2      | Found a radiant altar of Vehumet.
  2876 | D:3      | Reached XP level 5. HP: 21/28 MP: 14/20
  3968 | D:4      | Reached XP level 6. HP: 30/32 MP: 2/22
  4140 | D:5      | Entered Level 5 of the Dungeon
  4344 | D:4      | Reached skill level 7 in Spellcasting
  4410 | D:4      | Noticed Blork the orc
  4425 | D:4      | Killed Blork the orc
  4550 | D:5      | Noticed Edmund
  4631 | D:4      | Killed Edmund
  4631 | D:4      | Reached skill level 1 in Fighting
  4732 | D:4      | Reached XP level 7. HP: 19/38 MP: 21/25
  4960 | D:4      | Noticed Natasha
  4969 | D:4      | Killed Natasha
  5276 | D:4      | Noticed Natasha
  5280 | D:4      | Killed Natasha
  5285 | D:4      | Reached skill level 8 in Spellcasting
  5361 | D:4      | Found Qaklut's General Store.
  5468 | D:4      | Found a basalt altar of Yredelemnul.
  5552 | D:4      | Found an opulent altar of Gozag.
  5592 | D:4      | Noticed Grinder
  5600 | D:4      | Killed Grinder
  5600 | D:4      | Reached skill level 5 in Dodging
  6070 | D:6      | Reached skill level 1 in Evocations
  6113 | D:6      | Found a sand-covered staircase.
  6228 | Ossuary  | Entered an ossuary
  6692 | Ossuary  | Reached skill level 9 in Spellcasting
  6884 | Ossuary  | Reached XP level 8. HP: 44/46 MP: 19/28
  7090 | D:7      | Noticed Sigmund
  7106 | D:7      | Found a glowing silver altar of Zin.
  7108 | D:7      | Found a sparkling altar of Nemelex Xobeh.
  7129 | D:7      | Killed Sigmund
  7403 | D:5      | Found a staircase to the Ecumenical Temple.
  7411 | Temple   | Entered the Ecumenical Temple
  7969 | D:5      | Found a shadowy altar of Dithmenos.
  8045 | D:5      | Identified 2 scrolls of acquirement
  8046 | D:5      | Identified the Incunabulum of Transformation and Earth (You acquired it on level 5 of the Dungeon)
  8050 | D:5      | Learned a level 2 spell: Stoneskin
  8404 | D:5      | Noticed Crazy Yiuf
  8414 | D:5      | Killed Crazy Yiuf
  8756 | D:6      | Reached skill level 10 in Spellcasting
  9242 | D:6      | Reached XP level 9. HP: 52/52 MP: 20/30
 10249 | D:7      | Found a shattered altar of Ashenzari.
 10453 | D:7      | Found a shadowy altar of Dithmenos.
 10471 | D:7      | Reached skill level 5 in Fighting
 10754 | D:7      | Reached skill level 11 in Spellcasting
 11756 | D:7      | Found a white marble altar of Elyvilon.
 11757 | D:7      | Found a bloodstained altar of Trog.
 12055 | D:8      | You fall through a shaft for 2 floors!
 12055 | D:10     | Entered Level 10 of the Dungeon
 12271 | D:10     | Reached skill level 5 in Evocations
 12835 | D:8      | Reached skill level 12 in Spellcasting
 13035 | D:8      | Reached XP level 10. HP: 60/60 MP: 13/32
 13430 | D:8      | Found a deep blue altar of Sif Muna.
 13450 | D:8      | Became a worshipper of Sif Muna the Loreminder
 13458 | D:8      | Learned a level 4 spell: Sticky Flame
 13464 | D:8      | Learned a level 5 spell: Fireball
 13900 | D:9      | Reached skill level 1 in Fire Magic
 14007 | D:10     | Reached skill level 1 in Air Magic
 14007 | D:10     | Reached skill level 1 in Earth Magic
 14848 | D:8      | Acquired Sif Muna's first power
 15170 | D:9      | Noticed a centaur skeleton
 15177 | D:9      | Killed a centaur skeleton
 15177 | D:9      | Reached skill level 1 in Poison Magic
 15223 | D:9      | Found Chummail's Gadget Shoppe.
 15399 | D:4      | Bought the +3 helmet of Ytetut {rF+ rN+ Int+3} for 484 gold pieces
 15968 | D:9      | Found a staircase to the Orcish Mines.
 16666 | D:10     | Acquired Sif Muna's second power
 16964 | D:10     | Reached skill level 5 in Conjurations
 17289 | D:10     | Reached XP level 11. HP: 64/64 MP: 25/34
 17603 | D:12     | Reached skill level 1 in Invocations
 17795 | D:12     | Found a flagged portal.
 17821 | Bailey   | Entered a bailey
 17824 | Bailey   | Noticed faibistes' ghost (experienced DEWz)
 17836 | Bailey   | Killed faibistes' ghost
 17836 | Bailey   | Reached skill level 1 in Transmutations
 17891 | Bailey   | Noticed faibistes' ghost (experienced DEWz)
 17895 | Bailey   | Killed faibistes' ghost
 17895 | Bailey   | Reached skill level 13 in Spellcasting
 17895 | Bailey   | Reached skill level 1 in Charms
 18040 | Bailey   | Noticed faibistes' ghost (experienced DEWz)
 18080 | Bailey   | Killed faibistes' ghost
 18573 | D:11     | Found a staircase to the Lair.
 18734 | D:11     | Noticed a manticore
 18749 | D:11     | Killed a manticore
 18957 | D:11     | Noticed an unseen horror
 18962 | D:11     | Killed an unseen horror
 19043 | D:11     | Reached skill level 5 in Earth Magic
 19175 | D:11     | Reached skill level 5 in Fire Magic
 19278 | D:12     | Noticed Nessos
 19292 | D:12     | Killed Nessos
 19628 | D:12     | Found an iron altar of Okawaru.
 19639 | D:12     | Acquired Sif Muna's third power
 20043 | Lair:1   | Entered Level 1 of the Lair of Beasts
 20288 | Lair:1   | Reached XP level 12. HP: 71/71 MP: 24/35
 20708 | Lair:1   | Identified a -2 rod of inaccuracy (10/10) (You found it on level 2 of the Lair of Beasts)
 20852 | Lair:1   | Noticed Prince Ribbit
 20866 | Lair:1   | Killed Prince Ribbit
 21150 | Lair:2   | Noticed a six-headed hydra
 21159 | Lair:2   | Killed a six-headed hydra
 21728 | Lair:1   | Reached skill level 5 in Invocations
 22251 | Lair:2   | Reached skill level 14 in Spellcasting
 22912 | Lair:2   | Noticed a four-headed hydra
 22920 | Lair:2   | Killed a four-headed hydra
 23736 | Lair:3   | Reached XP level 13. HP: 76/76 MP: 31/37
 24395 | Lair:4   | Reached skill level 5 in Charms
 24414 | Lair:4   | Received a gift from Sif Muna
 24415 | Lair:4   | Identified Sif Muna's Disquisition on Stones and Confrontation (Sif Muna gifted it to you on level 4 of the Lair of Beasts)
 24425 | Lair:4   | Learned a level 5 spell: Lee's Rapid Deconstruction
 24872 | Lair:3   | Found a staircase to the Shoals.
 25760 | Lair:4   | Reached skill level 5 in Translocations
 25831 | Lair:4   | Reached skill level 10 in Dodging
 27429 | Lair:4   | Found a staircase to the Shoals.
 28602 | Lair:5   | Reached skill level 15 in Spellcasting
 28816 | Lair:6   | Found a staircase to the Slime Pits.
 28818 | Lair:6   | Found a viscous altar of Jiyva.
 29594 | Lair:7   | Reached XP level 14. HP: 82/82 MP: 18/38
 30018 | Lair:6   | Found a hole to the Spider Nest.
 30700 | Lair:8   | Entered Level 8 of the Lair of Beasts
 31760 | Lair:8   | Received a gift from Sif Muna
 31958 | Lair:8   | Identified Sif Muna's Disquisition on Good Luck and Orientation (Sif Muna gifted it to you on level 8 of the Lair of Beasts)
 31969 | Lair:7   | Learned a level 4 spell: Force Lance
 31970 | Lair:7   | Identified Sif Muna's Grimoire of Flying Enhancements (You acquired it on level 7 of the Lair of Beasts)
 31978 | Lair:7   | Learned a level 6 spell: Haste
 35073 | Orc:1    | Entered Level 1 of the Orcish Mines
 35327 | Orc:1    | Found a bloodstained altar of Trog.
 35775 | Orc:4    | Entered Level 4 of the Orcish Mines
 35900 | Orc:3    | Found a staircase to the Elven Halls.
 38902 | Orc:4    | Reached XP level 15. HP: 88/88 MP: 9/39
 40561 | Orc:4    | Reached skill level 16 in Spellcasting
 41322 | Orc:4    | Received a gift from Sif Muna
 41339 | Orc:4    | Learned a level 5 spell: Venom Bolt
 41540 | Orc:4    | Noticed Donald
 41545 | Orc:4    | Killed Donald
 41922 | Orc:4    | Reached skill level 10 in Invocations
 42179 | Orc:4    | Found Kleozio's Armour Shop.
 42179 | Orc:4    | Found Xabonar's Jewellery Shop.
 42179 | Orc:4    | Found Chomew Duod's Armour Shop.
 42180 | Orc:4    | Found Paolocaqot's Assorted Antiques.
 42190 | Orc:4    | Bought a scroll of identify for 54 gold pieces
 42190 | Orc:4    | Bought a potion of curing for 81 gold pieces
 42190 | Orc:4    | Bought 2 potions of heal wounds for 270 gold pieces
 42190 | Orc:4    | Bought a metallic emerald potion for 24 gold pieces
 42190 | Orc:4    | Bought a scroll of identify for 54 gold pieces
 42193 | Orc:4    | Bought an uncursed ring of wizardry for 450 gold pieces
 42193 | Orc:4    | Bought an uncursed amulet of regeneration for 450 gold pieces
 42470 | Lair:2   | Learned a level 6 spell: Iron Shot
 42633 | Elf:1    | Entered Level 1 of the Elven Halls
 43323 | Elf:1    | Reached skill level 10 in Conjurations
 43525 | Elf:1    | Reached skill level 10 in Earth Magic
 43829 | Elf:1    | Reached skill level 10 in Fire Magic
 44581 | Elf:1    | Noticed Erica
 44587 | Elf:1    | Killed Erica
 45009 | Elf:1    | Received a gift from Sif Muna
 45010 | Elf:1    | Identified Osumatt's Incunabulum of Black Rites and Talismans (Sif Muna gifted it to you on level 1 of the Elven Halls)
 45359 | Elf:1    | Noticed Josephine
 45363 | Elf:1    | Killed Josephine
 45645 | Elf:2    | Reached XP level 16. HP: 94/94 MP: 8/41
 45901 | Elf:2    | Reached skill level 17 in Spellcasting
 47127 | Elf:2    | Found a huge runed gate.
 47127 | Elf:2    | Found a huge runed gate.
 47132 | Elf:2    | Found a huge runed gate.
 47132 | Elf:2    | Found a huge runed gate.
 47132 | Elf:2    | Found a huge runed gate.
 48146 | Elf:2    | Received a gift from Sif Muna
 49082 | Shoals:1 | Entered Level 1 of the Shoals
 50111 | Shoals:1 | Reached skill level 18 in Spellcasting
 51836 | Shoals:2 | Reached XP level 17. HP: 97/100 MP: 2/42
 51981 | Shoals:2 | Received a gift from Sif Muna
 52004 | Shoals:2 | Identified Sif Muna's Collected Works on Ashen Changing (Sif Muna gifted it to you on level 2 of the Shoals)
 52111 | Lair:2   | Gained mutation: You are partially covered in iridescent scales (AC +4). [potion of beneficial mutation]
 52151 | Lair:2   | Reached XP level 18. HP: 105/105 MP: 40/43
 53638 | Shoals:2 | Got a shimmering robe
 53649 | Shoals:2 | Identified the cursed -2 robe of Morality {rF- rC+ MR+ rCorr Int+5} (You found it on level 2 of the Shoals)
 53844 | Shoals:3 | Received a gift from Sif Muna
 53853 | Shoals:3 | Identified Sif Muna's Guide on Floating Arcane Weapons (Sif Muna gifted it to you on level 3 of the Shoals)
 55009 | Shoals:3 | Reached skill level 19 in Spellcasting
 55519 | Shoals:4 | Noticed Agnes
 55526 | Shoals:4 | Killed Agnes
 55983 | Shoals:5 | Entered Level 5 of the Shoals
 56917 | Shoals:5 | Received a gift from Sif Muna
 56919 | Shoals:5 | Identified Sif Muna's Guide on Confrontation and Heat (Sif Muna gifted it to you on level 5 of the Shoals)
 57050 | Shoals:4 | Learned a level 5 spell: Iskenderun's Battlesphere
 57281 | Lair:2   | Learned a level 5 spell: Bolt of Magma
 57423 | Shoals:5 | Noticed Ilsuiw
 57658 | Shoals:5 | Killed Ilsuiw
 58113 | Shoals:5 | Got a twitching tin ring
 58115 | Shoals:5 | Identified the ring of Klupliar {Ice Str+2} (You took it off a merfolk impaler on level 5 of the Shoals)
 58158 | Shoals:5 | Noticed faibistes' ghost (mighty DEWz)
 58456 | Shoals:5 | Killed faibistes' ghost
 59839 | Shoals:5 | Reached XP level 19. HP: 112/112 MP: 13/44
 60168 | Shoals:5 | Got a barnacled rune of Zot
 60554 | Shoals:4 | Received a gift from Sif Muna
 60555 | Shoals:4 | Identified Sif Muna's Collected Works on Ashen Battle Magic (Sif Muna gifted it to you on level 4 of the Shoals)
 60768 | Spider:1 | Entered Level 1 of the Spider Nest
 61889 | Spider:1 | Reached skill level 10 in Fighting
 63786 | Spider:2 | Reached skill level 20 in Spellcasting
 66716 | Spider:5 | Entered Level 5 of the Spider Nest
 66813 | Spider:5 | Received a gift from Sif Muna
 66989 | Spider:5 | Identified Sif Muna's Guide on Damage Dealing (Sif Muna gifted it to you on level 5 of the Spider Nest)
 67129 | Spider:4 | Learned a level 6 spell: Bolt of Fire
 68173 | Spider:4 | Reached skill level 15 in Earth Magic
 69229 | Spider:4 | Got an encrusted war axe
 69230 | Spider:4 | Identified the +7 war axe of Hatred {distort, Noisy rElec rPois Str+4 Dex-2} (You found it on level 4 of the Spider Nest)
 71055 | Spider:5 | Noticed Rupert
 71057 | Spider:5 | Paralysed by Rupert for 3 turns
 71060 | Spider:5 | Killed Rupert
 71537 | Spider:5 | Reached XP level 20. HP: 118/118 MP: 33/45
 71689 | Spider:5 | Got a gossamer rune of Zot
 71711 | Spider:5 | Received a gift from Sif Muna
 72030 | Lair:2   | Learned a level 8 spell: Lehudib's Crystal Spear
 72261 | D:12     | Noticed Maurice
 72263 | D:12     | Killed Maurice
 72500 | D:12     | Noticed an unseen horror
 72502 | D:12     | Killed an unseen horror
 72584 | D:13     | Noticed an ogre mage
 72585 | D:13     | Killed an ogre mage
 72587 | D:13     | Found a gate to the Vaults.
 73127 | D:12     | Got a slimy steel ring
 73129 | D:12     | Identified the ring "Kunwaac" {+/*Tele -Cast Str+5} (You found it on level 12 of the Dungeon)
 73258 | D:12     | Noticed an unseen horror
 73259 | D:12     | Killed an unseen horror
 73430 | D:12     | Noticed a hill giant
 73430 | D:12     | Killed a hill giant
 73499 | D:12     | Reached skill level 15 in Conjurations
 73783 | D:13     | Noticed an unseen horror
 73784 | D:13     | Killed an unseen horror
 73998 | D:13     | Noticed a hill giant
 74004 | D:13     | Killed a hill giant
 74335 | D:13     | Reached skill level 15 in Fire Magic
 74569 | D:13     | Noticed Urug
 74572 | D:13     | Killed Urug
 74647 | D:13     | Noticed a centaur warrior
 74655 | D:13     | Killed a centaur warrior
 74771 | D:13     | Gained mutation: You can spit poison. [potion of beneficial mutation]
 75004 | D:15     | Entered Level 15 of the Dungeon
 76368 | D:15     | Found a staircase to the Depths.
 76587 | D:15     | Reached skill level 21 in Spellcasting
 76719 | D:15     | Found a glowing silver altar of Zin.
 77674 | Vaults:1 | Entered Level 1 of the Vaults
 78348 | Vaults:1 | Received a gift from Sif Muna
 78509 | Vaults:1 | Noticed Norris
 78513 | Vaults:1 | Killed Norris
 79191 | Vaults:1 | Reached skill level 10 in Translocations
 80608 | Vaults:2 | Received a gift from Sif Muna
 80609 | Vaults:2 | Identified Sif Muna's Volume of the Voyage (Sif Muna gifted it to you on level 2 of the Vaults)
 80827 | Lair:2   | Learned a level 7 spell: Controlled Blink
 81043 | Vaults:2 | Reached XP level 21. HP: 124/124 MP: 27/46
 82379 | Vaults:2 | Reached skill level 22 in Spellcasting
 83013 | Vaults:2 | Received a gift from Sif Muna
 83015 | Vaults:2 | Identified Sif Muna's Grimoire of the Forsaken Cities (Sif Muna gifted it to you on level 2 of the Vaults)
 85843 | Vaults:3 | Found a staircase to the Crypt.
 87596 | Vaults:4 | Received a gift from Sif Muna
 87600 | Vaults:4 | Identified Cerebov's Collected Works on Battle Magic and Heat (Sif Muna gifted it to you on level 4 of the Vaults)
 88018 | Lair:2   | Learned a level 6 spell: Freezing Cloud
 88736 | Vaults:4 | Reached XP level 22. HP: 130/130 MP: 26/47
 90099 | Vaults:4 | Noticed Frederick
 90106 | Vaults:4 | Killed Frederick
 91071 | Vaults:4 | Reached skill level 23 in Spellcasting
 91466 | Vaults:4 | Found a portal to a secret trove of treasure.
 91481 | Vaults:4 | Received a gift from Sif Muna
 91482 | Vaults:4 | Identified Sif Muna's Reference Book on Poison (Sif Muna gifted it to you on level 4 of the Vaults)
 92424 | Depths:1 | Entered Level 1 of the Depths
 93045 | Depths:1 | Found a one-way gate to the infinite horrors of the Abyss.
 93711 | Depths:1 | Received a gift from Sif Muna
 93712 | Depths:1 | Identified Sif Muna's Catalogue of Stolen Souls (Sif Muna gifted it to you on level 1 of the Depths)
 93931 | Depths:1 | Found a gateway to Hell.
 95682 | Depths:2 | Received a gift from Sif Muna
 95684 | Depths:2 | Identified Sif Muna's Reference Book on Transmigration (Sif Muna gifted it to you on level 2 of the Depths)
 95737 | Depths:2 | Reached XP level 23. HP: 136/136 MP: 28/48
 97763 | Depths:2 | Reached skill level 24 in Spellcasting
 98844 | Depths:2 | Received a gift from Sif Muna
 98845 | Depths:2 | Identified Sif Muna's Compendium of Augmentations and the Birds (Sif Muna gifted it to you on level 2 of the Depths)
 99809 | Depths:3 | Noticed Jory
100051 | Depths:2 | Killed Jory
100192 | Depths:3 | Noticed Margery
100534 | Depths:3 | Killed Margery
101250 | Depths:3 | Received a gift from Sif Muna
101252 | Depths:3 | Identified Sif Muna's Almanac of Protection (Sif Muna gifted it to you on level 3 of the Depths)
102175 | Depths:4 | Reached XP level 24. HP: 144/144 MP: 19/49
103990 | Depths:2 | Received a gift from Sif Muna
104129 | Depths:2 | Identified Sif Muna's Guide on Air and Conjuration (Sif Muna gifted it to you on level 2 of the Depths)
104539 | Lair:2   | Learned a level 9 spell: Fire Storm
104550 | Lair:2   | Learned a level 6 spell: Deflect Missiles
104561 | Lair:2   | Learned a level 7 spell: Ring of Flames
105947 | Depths:3 | Reached skill level 25 in Spellcasting
106107 | Depths:3 | Identified Thuhaf's Compendium of Sinister Execration (You acquired it on level 3 of the Depths)
106132 | Depths:3 | Found a one-way gate leading to the halls of Pandemonium.
106771 | Depths:5 | Entered Level 5 of the Depths
107331 | Depths:4 | Noticed Mara
107338 | Depths:4 | Killed Mara
107663 | Depths:4 | Received a gift from Sif Muna
107664 | Depths:4 | Identified Sif Muna's Almanac of the Entourage (Sif Muna gifted it to you on level 4 of the Depths)
108399 | Depths:4 | Found Shraros' Book Shop.
108944 | Depths:4 | Bought a book of the Tempests for 1330 gold pieces
109773 | Depths:4 | Learned a level 9 spell: Shatter
110218 | Depths:5 | Received a gift from Sif Muna
110218 | Depths:5 | Reached XP level 25. HP: 150/150 MP: 31/49
110220 | Depths:5 | Identified Sif Muna's Guide on Summoning (Sif Muna gifted it to you on level 5 of the Depths)
110514 | Depths:5 | Found a gateway to a ziggurat.
110641 | Depths:5 | Got a pitted rapier
110642 | Depths:5 | Identified the cursed -1 rapier of Evolution {freeze, rElec rF- Dex+7 Stlth-} (You found it on level 5 of the Depths)
111154 | Depths:5 | Found a gate to the Realm of Zot.
112135 | Elf:3    | Entered Level 3 of the Elven Halls
112699 | Elf:3    | Reached skill level 1 in Ice Magic
113045 | Elf:3    | Got a heavily jewelled robe
113082 | Elf:3    | Identified the +0 robe of Qogiva {rN+ SInv} (You found it on level 3 of the Elven Halls)
113264 | Elf:3    | Received a gift from Sif Muna
113265 | Elf:3    | Identified Sif Muna's Compendium of Unholy Enchantment (Sif Muna gifted it to you on level 3 of the Elven Halls)
113588 | Elf:3    | Got a dazzling scimitar
113589 | Elf:3    | Identified the +8 scimitar of the Seven Wishes {slice, Str+5 Stlth-} (You took it off a deep elf sorcerer on level 3 of the Elven Halls)
113705 | Elf:3    | Reached skill level 26 in Spellcasting
113950 | Elf:3    | Reached skill level 5 in Ice Magic
114097 | Elf:3    | Got a scorched bone ring
114099 | Elf:3    | Identified the ring of Generosity {MP+9 Int+4} (You took it off a deep elf death mage on level 3 of the Elven Halls)
114141 | Elf:3    | Got a steaming mace
114142 | Elf:3    | Identified the +8 mace "Khadiusch" {crush, +Blink +Fly} (You took it off a deep elf death mage on level 3 of the Elven Halls)
114155 | Elf:3    | Gained mutation: You have supernaturally acute eyesight. [potion of beneficial mutation]
114583 | Elf:3    | Got a twitching graven amulet
114584 | Elf:3    | Identified the amulet of Vone {Stasis rPois} (You took it off a deep elf knight on level 3 of the Elven Halls)
115287 | Vaults:5 | Entered Level 5 of the Vaults
115289 | Vaults:5 | Received a gift from Sif Muna
115290 | Vaults:5 | Identified Sif Muna's Guide on the Entourage (Sif Muna gifted it to you on level 5 of the Vaults)
115900 | Vaults:5 | Noticed an ancient lich
115904 | Vaults:5 | Killed an ancient lich
115904 | Vaults:5 | Received a gift from Sif Muna
115904 | Vaults:5 | Reached XP level 26. HP: 154/156 MP: 19/50
115906 | Vaults:5 | Identified Xuinlan's Tome of Creation (Sif Muna gifted it to you on level 5 of the Vaults)
115908 | Vaults:5 | Noticed an ancient lich
116075 | Vaults:5 | Killed an ancient lich
116723 | Vaults:5 | Received a gift from Sif Muna
116725 | Vaults:5 | Identified Sif Muna's Compendium of Summoning (Sif Muna gifted it to you on level 5 of the Vaults)
117174 | Vaults:5 | Got a silver rune of Zot
117178 | Vaults:5 | Reached skill level 27 in Spellcasting
117914 | Vaults:5 | Got a warped helmet
117925 | Vaults:5 | Identified the +2 helmet of Feasting {rN++ Str-4 SInv Stlth+} (You found it on level 5 of the Vaults)
117925 | Vaults:5 | Lost strength.
117971 | Vaults:5 | Got an encrusted great sword
117972 | Vaults:5 | Identified the +5 great sword of Strategic Superiority {slice, -Tele rPois rC+} (You took it off an orc warrior on level 5 of the Vaults)
118121 | Vaults:5 | Reached skill level 10 in Ice Magic
118425 | Vaults:5 | Got a translucent emerald amulet
118426 | Vaults:5 | Identified the amulet "Zoul" {Faith -Cast MR+ Dex+5} (You found it on level 5 of the Vaults)
118782 | Lair:2   | Learned a level 9 spell: Glaciate
118787 | Lair:2   | Learned a level 4 spell: Animate Dead
119019 | Depths:1 | Reached skill level 1 in Necromancy
119256 | Hell     | Entered the Vestibule of Hell
119256 | Hell     | Noticed Geryon
119263 | Hell     | Killed Geryon
119461 | Hell     | Received a gift from Sif Muna
119762 | Hell     | Identified Sif Muna's Compendium of Unholy Rites (Sif Muna gifted it to you in the Vestibule of Hell)
120073 | Hell     | Found a gateway to the ashen valley of Gehenna.
120136 | Hell     | Found a gateway to the decaying netherworld of Tartarus.
120262 | Hell     | Found a gateway to the freezing wastes of Cocytus.
120313 | Hell     | Reached skill level 5 in Necromancy
120580 | Hell     | Found a gateway to the Iron City of Dis.
120825 | Zot:1    | Entered Level 1 of the Realm of Zot
121486 | Zot:1    | Reached XP level 27. HP: 163/163 MP: 50/50
121563 | Zot:1    | Received a gift from Sif Muna
122412 | Zot:1    | Found a basalt altar of Yredelemnul.
122784 | Zot:1    | Received a gift from Sif Muna
125282 | Zot:3    | Noticed an ancient lich
125288 | Zot:3    | Killed an ancient lich
125288 | Zot:3    | Received a gift from Sif Muna
125361 | Zot:3    | Reached skill level 10 in Necromancy
125729 | Lair:2   | Learned a level 8 spell: Necromutation
125731 | Lair:2   | Learned a level 1 spell: Apportation
126992 | Zot:3    | Reached skill level 5 in Transmutations
127368 | Zot:3    | Received a gift from Sif Muna
129790 | Zot:5    | Entered Level 5 of the Realm of Zot
130377 | Zot:4    | Received a gift from Sif Muna
130919 | Zot:4    | Reached skill level 15 in Invocations
131029 | Zot:4    | Reached skill level 15 in Ice Magic
131312 | Zot:4    | Reached skill level 15 in Fighting
131404 | Zot:5    | Got a crystal falchion
131405 | Zot:5    | Identified the +3 falchion of Inquiry {speed, +Fly MP-9 Int+3 SInv} (You found it on level 5 of the Realm of Zot)
132063 | Zot:5    | Received a gift from Sif Muna
132268 | Zot:5    | Noticed an ancient lich
132282 | Zot:5    | Killed an ancient lich
132873 | Zot:5    | Noticed an ancient lich
132874 | Zot:5    | Killed an ancient lich
133003 | Zot:5    | Noticed an orb of fire
133007 | Zot:5    | Killed an orb of fire
134165 | Zot:5    | Received a gift from Sif Muna
134169 | Zot:5    | Reached skill level 10 in Transmutations
134422 | Zot:5    | Noticed an orb of fire
134422 | Zot:5    | Gained mutation: You are weak. (Str -2) [an orb of fire]
134424 | Zot:5    | Lost strength.
134424 | Zot:5    | Gained mutation: You are very weak. (Str -4) [an orb of fire]
134428 | Zot:5    | Killed an orb of fire
134555 | Zot:5    | Noticed an orb of fire
134558 | Zot:5    | Killed an orb of fire
134700 | Zot:4    | Lost mutation: You can spit poison. [potion of cure mutation]
134700 | Zot:4    | Lost mutation: You are very weak. (Str -4) [potion of cure mutation]
134700 | Zot:4    | Lost mutation: You have supernaturally acute eyesight. [potion of cure mutation]
134713 | Zot:4    | Lost mutation: You are weak. (Str -2) [potion of cure mutation]
135074 | Zot:5    | Received a gift from Sif Muna
135284 | Zot:5    | Noticed an orb of fire
135285 | Zot:5    | Gained mutation: Your magical capacity is low (-10% MP). [an orb of fire]
135288 | Zot:5    | Killed an orb of fire
136066 | Zot:5    | Received a gift from Sif Muna
136634 | Slime:1  | Entered Level 1 of the Pits of Slime
136911 | Slime:6  | Entered Level 6 of the Pits of Slime
137026 | Slime:6  | Noticed the royal jelly
137030 | Slime:6  | Killed the royal jelly
137380 | Slime:6  | Received a gift from Sif Muna
137785 | Slime:6  | Got a coiled graven amulet
137787 | Slime:6  | Identified the amulet "Xusiss" {Gourm +Fly rN+} (You found it on level 6 of the Pits of Slime)
137827 | Slime:6  | Got a bound ruby amulet
137829 | Slime:6  | Identified the amulet "Poghiar" {Faith Str+8} (You found it on level 6 of the Pits of Slime)
137847 | Slime:6  | Got a sparkling sapphire amulet
137848 | Slime:6  | Identified the amulet "Gethi" {+Rage rC+ rN+ Int-3} (You found it on level 6 of the Pits of Slime)
137854 | Slime:6  | Got an ichor-stained dagger
137855 | Slime:6  | Identified the cursed +1 dagger of Agony {freeze, +Blink rC++ MR- Dex-5} (You found it on level 6 of the Pits of Slime)
137871 | Slime:6  | Got a brightly glowing granite ring
137873 | Slime:6  | Identified the cursed ring "Crazourgh" {AC-2 Int+2} (You found it on level 6 of the Pits of Slime)
137914 | Slime:6  | Got a scorched rapier
137915 | Slime:6  | Identified the +3 rapier of the Pure Places {venom, -Cast Noisy Int+7 Dex+4 SInv} (You found it on level 6 of the Pits of Slime)
137933 | Slime:6  | Got a slimy rune of Zot
138286 | Crypt:1  | Entered Level 1 of the Crypt
138384 | Crypt:1  | Lost mutation: Your magical capacity is low (-10% MP). [potion of cure mutation]
138384 | Crypt:1  | Lost mutation: You are partially covered in iridescent scales (AC +4). [potion of cure mutation]
139298 | Crypt:3  | Entered Level 3 of the Crypt
139746 | Crypt:3  | Noticed Mennas
139748 | Crypt:3  | Killed Mennas
140802 | Crypt:3  | Got a brightly glowing tin amulet
140804 | Crypt:3  | Identified the amulet of the Ladybird {Ward rElec rC- rN+ Dex+4} (You found it on level 3 of the Crypt)
140806 | Crypt:3  | Got a scintillating amber ring
140808 | Crypt:3  | Identified the ring of Plafuf {rF++ rN+ MR- Int+5} (You found it on level 3 of the Crypt)
140812 | Crypt:3  | Got a warped bone ring
140813 | Crypt:3  | Identified the ring "Licaum" {-Tele rPois rN+ Str+4 SInv} (You found it on level 3 of the Crypt)
140831 | Crypt:3  | Got an iridescent scimitar
140832 | Crypt:3  | Identified the cursed -2 scimitar of Salt {drain, MR- Dex+4 SInv} (You found it on level 3 of the Crypt)
141077 | Crypt:3  | Got a pitted long sword
141078 | Crypt:3  | Identified the +4 long sword "Pauh" {flame, rF+ rN+} (You found it on level 3 of the Crypt)
141246 | Crypt:3  | Noticed an ancient lich
141248 | Crypt:3  | Killed an ancient lich
141248 | Crypt:3  | Received a gift from Sif Muna
141388 | Crypt:3  | Found a staircase to the Tomb.
141409 | Crypt:3  | Noticed an ancient lich
141415 | Crypt:3  | Killed an ancient lich
141846 | Tomb:1   | Entered Level 1 of the Tomb of the Ancients
142334 | Tomb:1   | Noticed an ancient lich
142335 | Tomb:1   | Received a gift from Sif Muna
142337 | Tomb:1   | Killed an ancient lich
143019 | Tomb:2   | Received a gift from Sif Muna
143309 | Tomb:2   | Noticed Sojobo
143317 | Tomb:2   | Killed Sojobo
144144 | Tomb:1   | Reached skill level 15 in Necromancy
144144 | Tomb:1   | Reached skill level 15 in Transmutations
144409 | Tomb:1   | Received a gift from Sif Muna
144512 | Tomb:1   | Lost strength.
144869 | Tomb:1   | Received a gift from Sif Muna
145260 | Tomb:3   | Entered Level 3 of the Tomb of the Ancients
145275 | Tomb:3   | Lost strength.
145644 | Tomb:3   | Received a gift from Sif Muna
146414 | Tomb:3   | Got a pair of fine gloves
146421 | Tomb:3   | Noticed an ancient lich
146424 | Tomb:3   | Killed an ancient lich
146437 | Tomb:3   | Identified the +0 pair of gloves "Batz" {+Fly MR+ Dex+6} (You found it on level 3 of the Tomb of the Ancients)
146570 | Tomb:3   | Got a heavily runed wooden ring
146572 | Tomb:3   | Identified the ring "Vaghown" {+cTele rC++ Dex+4 Slay-3 SInv} (You found it on level 3 of the Tomb of the Ancients)
146597 | Tomb:3   | Got a transparent bronze ring
146599 | Tomb:3   | Identified the ring "Coqeell" {-Tele rElec rPois Dex+5 SInv Stlth-} (You found it on level 3 of the Tomb of the Ancients)
146650 | Tomb:3   | Got a slimy robe
146662 | Tomb:3   | Identified the +1 robe of Sunlight {rElec Int-5 Dex+4} (You found it on level 3 of the Tomb of the Ancients)
146966 | Tomb:3   | Got a golden rune of Zot
147094 | Tomb:3   | Got a transparent marble ring
147096 | Tomb:3   | Identified the ring "Criciteoco" {+Inv +Fly MR- Slay+3} (You found it on level 3 of the Tomb of the Ancients)
147212 | Tomb:3   | Got a smoking scythe
147213 | Tomb:3   | Identified the +1 scythe "Schysoeto" {slice, +Blink} (You found it on level 3 of the Tomb of the Ancients)
148144 | Depths:2 | Voluntarily entered the Abyss.
148254 | Abyss:1  | Received a gift from Sif Muna
148684 | Abyss:2  | Found a corrupted altar of Lugonu.
148892 | Abyss:3  | Found a corrupted altar of Lugonu.
149747 | Abyss:3  | Lost strength.
149753 | Abyss:3  | Received a gift from Sif Muna
150383 | Abyss:3  | Got an abyssal rune of Zot
150424 | Depths:2 | Escaped the Abyss
150694 | Vaults:4 | You showed the abyssal rune of Zot to enter a treasure trove
150695 | Trove    | Entered a treasure trove
150705 | Trove    | Got a pair of steaming gloves
150716 | Trove    | Identified the +2 pair of gloves of Skop {-Tele rN+ Int+6} (You found it in a treasure trove)
150763 | Trove    | Got a translucent helmet
150774 | Trove    | Identified the +1 helmet of Mnizigef {rPois Slay+3} (You found it in a treasure trove)
151127 | Pan      | Entered Pandemonium
151183 | Pan      | Found a runed door.
151791 | Pan      | Found an exit through the horrors of the Abyss.
151887 | Pan      | Found an exit through the horrors of the Abyss.
151888 | Pan      | Received a gift from Sif Muna
151925 | Pan      | Noticed Neyl the pandemonium lord
151943 | Pan      | Killed Neyl the pandemonium lord
152728 | Pan      | Found an exit through the horrors of the Abyss.
152800 | Pan      | Found a runed door.
153332 | Pan      | Noticed Neuscheyq the pandemonium lord
153334 | Pan      | Killed Neuscheyq the pandemonium lord
153334 | Pan      | Received a gift from Sif Muna
153529 | Pan      | Found an exit through the horrors of the Abyss.
153733 | Pan      | Found an exit through the horrors of the Abyss.
153855 | Pan      | Found an exit through the horrors of the Abyss.
153958 | Pan      | Noticed Yhoxidudo the pandemonium lord
153961 | Pan      | Killed Yhoxidudo the pandemonium lord
154037 | Pan      | Entered the realm of Gloorx Vloq.
154052 | Pan      | Received a gift from Sif Muna
154134 | Pan      | Noticed Gloorx Vloq
154138 | Pan      | Killed Gloorx Vloq
154160 | Pan      | Got a dark rune of Zot
154488 | Pan      | Found an exit through the horrors of the Abyss.
154820 | Pan      | Found an exit through the horrors of the Abyss.
154826 | Pan      | Entered the realm of Cerebov.
155506 | Pan      | Got an ancient wooden ring
155508 | Pan      | Identified the ring "Pnaul" {Wiz +Blink rPois Str+4 Dex-2} (You found it in Pandemonium)
155536 | Pan      | Got an encrusted glaive
155537 | Pan      | Identified the +6 glaive of Descent {drain, rF- rC+ Dex+5} (You found it in Pandemonium)
155881 | Pan      | Received a gift from Sif Muna
156514 | Pan      | Got a heavily runed brass amulet
156515 | Pan      | Identified the amulet "Esuwolae" {rC+ rN+ Regen+ Int+3 Dex+2 Slay-3} (You found it in Pandemonium)
156637 | Pan      | Got an ancient trident
156638 | Pan      | Identified the cursed -2 trident of Generosity {pierce, Noisy MR+ Int+4 Dex+2} (You found it in Pandemonium)
156684 | Pan      | Got a brightly glowing steel ring
156686 | Pan      | Identified the cursed ring "Frorchits" {rC- EV-3 Int+4 Slay+5} (You found it in Pandemonium)
156874 | Pan      | Found an exit through the horrors of the Abyss.
157455 | Pan      | Noticed Cerebov
157731 | Pan      | Killed Cerebov
157859 | Pan      | Received a gift from Sif Muna
157869 | Pan      | Got a fiery rune of Zot
158290 | Pan      | Noticed Oling the pandemonium lord
158293 | Pan      | Killed Oling the pandemonium lord
158410 | Pan      | Found an exit through the horrors of the Abyss.
158484 | Pan      | Got a warped robe
158495 | Pan      | Identified the cursed -5 robe of Fashionability {rElec Dex+3} (You found it in Pandemonium)
158593 | Pan      | Found an exit through the horrors of the Abyss.
158904 | Pan      | Found an exit through the horrors of the Abyss.
159222 | Pan      | Got a demonic rune of Zot
159321 | Pan      | Found an exit through the horrors of the Abyss.
159471 | Pan      | Entered the realm of Mnoleg.
159492 | Pan      | Received a gift from Sif Muna
159536 | Pan      | Found an exit through the horrors of the Abyss.
159700 | Pan      | Noticed Mnoleg
159705 | Pan      | Killed Mnoleg
159712 | Pan      | Gained mutation: Your spells are a little harder to cast, but a little more powerful. [a cacodemon]
159959 | Pan      | Lost mutation: Your spells are a little harder to cast, but a little more powerful. [potion of cure mutation]
160468 | Pan      | Got a pair of twisted boots
160479 | Pan      | Identified the +1 pair of boots of the Ego {rC+ rN+ MR+ Int-2} (You found it in Pandemonium)
160513 | Pan      | Got a glowing rune of Zot
160644 | Pan      | Entered the realm of Lom Lobon.
160813 | Pan      | Received a gift from Sif Muna
160950 | Pan      | Found an exit through the horrors of the Abyss.
161714 | Pan      | Noticed Lom Lobon
161725 | Pan      | Killed Lom Lobon
161847 | Pan      | Got a magical rune of Zot
161974 | Depths:3 | Escaped Pandemonium
162101 | Coc:1    | Entered Level 1 of Cocytus
162217 | Coc:1    | Received a gift from Sif Muna
163468 | Coc:5    | Received a gift from Sif Muna
164061 | Coc:7    | Entered Level 7 of Cocytus
164615 | Coc:7    | Received a gift from Sif Muna
165469 | Coc:7    | Noticed TheNamelessOne's ghost (legendary HEFE)
165475 | Coc:7    | Killed TheNamelessOne's ghost
165667 | Coc:7    | Received a gift from Sif Muna
165898 | Coc:7    | Noticed Antaeus
165914 | Coc:7    | Killed Antaeus
166092 | Coc:7    | Got an icy rune of Zot
166166 | Coc:7    | Lost strength.
166344 | Geh:1    | Entered Level 1 of Gehenna
167324 | Geh:3    | Received a gift from Sif Muna
168205 | Geh:7    | Entered Level 7 of Gehenna
168784 | Geh:7    | Received a gift from Sif Muna
170465 | Geh:7    | Got a bound steel ring
170979 | Geh:7    | Got a slimy robe
170984 | Geh:7    | Identified the +1 robe of Daoxzozyin {Str+3 Int+6} (You took it off a crimson imp on level 7 of Gehenna)
170986 | Geh:7    | Identified the ring of the Swan {+Inv rF- MP+9 Int+3} (You took it off a crimson imp on level 7 of Gehenna)
171022 | Geh:7    | Noticed Asmodeus
171029 | Geh:7    | Killed Asmodeus
171029 | Geh:7    | Received a gift from Sif Muna
171030 | Geh:7    | Lost strength.
171451 | Geh:7    | Got a transparent halberd
171452 | Geh:7    | Identified the +7 halberd of Crawling {venom, rElec rPois MR+ MP+9 Int-5 Dex+3} (You found it on level 7 of Gehenna)
171483 | Geh:7    | Got an obsidian rune of Zot
171897 | Tar:1    | Entered Level 1 of Tartarus
173158 | Tar:7    | Entered Level 7 of Tartarus
173288 | Tar:7    | Received a gift from Sif Muna
174840 | Tar:7    | Got a steaming amber ring
174842 | Tar:7    | Identified the ring "Ashinierr" {-Cast rElec MR+ Dex+3 Stlth-} (You found it on level 7 of Tartarus)
174848 | Tar:7    | Got a pitted mace
174849 | Tar:7    | Identified the +2 mace of the Valley of Death {elec, rPois rN+ Str+2 Stlth-} (You found it on level 7 of Tartarus)
174902 | Tar:7    | Reached skill level 27 in Fire Magic
175023 | Tar:7    | Reached skill level 27 in Ice Magic
175597 | Tar:7    | Received a gift from Sif Muna
175733 | Tar:7    | Noticed Ereshkigal
175737 | Tar:7    | Killed Ereshkigal
175772 | Tar:7    | Got a warped brass amulet
175773 | Tar:7    | Identified the amulet of the Snail {Gourm rElec rC+ Str+2 Slay+3} (You found it on level 7 of Tartarus)
175776 | Tar:7    | Got a bone rune of Zot
175965 | Dis:1    | Entered Level 1 of the Iron City of Dis
176018 | Dis:2    | Reached skill level 27 in Conjurations
176257 | Dis:4    | Reached skill level 27 in Earth Magic
176448 | Dis:7    | Entered Level 7 of the Iron City of Dis
177115 | Dis:7    | Reached skill level 10 in Evocations
178197 | Dis:7    | Noticed the Serpent of Hell
178204 | Dis:7    | Killed the Serpent of Hell
178275 | Dis:7    | Noticed Dispater
178285 | Dis:7    | Killed Dispater
178286 | Dis:7    | Received a gift from Sif Muna
178716 | Dis:7    | Got a twisted hand axe
178717 | Dis:7    | Identified the +7 hand axe of Hihisch {freeze, -Cast Str+5} (You found it on level 7 of the Iron City of Dis)
178724 | Dis:7    | Got a slimy pewter ring
178726 | Dis:7    | Identified the ring of Thrunoalup {+Inv Str+3 Dex-4 Slay+5} (You found it on level 7 of the Iron City of Dis)
178772 | Dis:7    | Got a jewelled halberd
178773 | Dis:7    | Identified the +4 halberd of the Blue Skies {chop, Int+6 SInv} (You found it on level 7 of the Iron City of Dis)
178872 | Dis:7    | Reached skill level 10 in Charms
178886 | Dis:7    | Got an iron rune of Zot
179632 | Zig:1    | Entered Level 1 of a ziggurat
179763 | Zig:2    | Entered Level 2 of a ziggurat
179797 | Zig:3    | Entered Level 3 of a ziggurat
179810 | Zig:3    | Identified a +4 rod of the swarm (13/13) (You found it on level 3 of a ziggurat)
179828 | Zig:4    | Entered Level 4 of a ziggurat
179886 | Zig:4    | Reached skill level 27 in Invocations
179891 | Zig:5    | Entered Level 5 of a ziggurat
179984 | Zig:6    | Entered Level 6 of a ziggurat
179996 | Zig:6    | Noticed an ancient lich
180007 | Zig:6    | Killed an ancient lich
180106 | Zig:7    | Entered Level 7 of a ziggurat
180201 | Zig:7    | Got a vibrating emerald amulet
180202 | Zig:7    | Identified the amulet "Juoptenteih" {rCorr rF- MP+9 Str+5 Dex-3} (You found it on level 7 of a ziggurat)
180226 | Zig:8    | Entered Level 8 of a ziggurat
180270 | Zig:9    | Entered Level 9 of a ziggurat
180280 | Zig:9    | Noticed Traeten the pandemonium lord
180282 | Zig:9    | Killed Traeten the pandemonium lord
180313 | Zig:9    | Identified a +5 rod of destruction (11/11) (You found it on level 9 of a ziggurat)
180338 | Zig:9    | Got a crystal scimitar
180339 | Zig:9    | Identified the +8 scimitar of Reason {venom, rF+ Int-4 Dex+2} (You found it on level 9 of a ziggurat)
180356 | Zig:10   | Entered Level 10 of a ziggurat
180430 | Zig:10   | Got a dazzling morningstar
180431 | Zig:10   | Identified the +3 morningstar of a wizard's laboratory {antimagic, rF+ rC+ MR- Int-5 Dex+3} (You found it on level 10 of a ziggurat)
180465 | Zig:11   | Entered Level 11 of a ziggurat
180554 | Zig:12   | Entered Level 12 of a ziggurat
180807 | Zig:12   | Reached skill level 15 in Evocations
180817 | Zig:13   | Entered Level 13 of a ziggurat
180954 | Zig:13   | Identified a +4 rod of clouds (13/13) (You found it on level 13 of a ziggurat)
180978 | Zig:14   | Entered Level 14 of a ziggurat
181067 | Zig:14   | Got a steaming iron ring
181069 | Zig:14   | Got a brightly glowing cloak
181070 | Zig:14   | Identified the +1 cloak "Xudujes" {+Fly rElec MR+ Dex-5} (You found it on level 14 of a ziggurat)
181072 | Zig:14   | Identified the ring of Zekhlig {rPois rF+ Dex+10} (You found it on level 14 of a ziggurat)
181077 | Zig:14   | Got a sparkling granite ring
181079 | Zig:14   | Identified the ring "Zayblaff" {rC++ MR+} (You found it on level 14 of a ziggurat)
181098 | Zig:15   | Entered Level 15 of a ziggurat
181112 | Zig:15   | Noticed an ancient lich
181114 | Zig:15   | Killed an ancient lich
181240 | Zig:15   | Got a shimmering golden amulet
181241 | Zig:15   | Identified the amulet "Laivuetz" {Clar Str+5} (You found it on level 15 of a ziggurat)
181246 | Zig:16   | Entered Level 16 of a ziggurat
181277 | Zig:16   | Noticed an ancient lich
181280 | Zig:16   | Killed an ancient lich
181280 | Zig:16   | Reached skill level 15 in Dodging
181430 | Zig:16   | Got a vibrating glass ring
181431 | Zig:16   | Identified the cursed ring "Jeurch" {rElec rF+ AC-3} (You found it on level 16 of a ziggurat)
181459 | Zig:17   | Entered Level 17 of a ziggurat
181488 | Zig:17   | Noticed Feonn the pandemonium lord
181492 | Zig:17   | Killed Feonn the pandemonium lord
181494 | Zig:17   | Killed from afar by a Brimstone Fiend

Action                   |  1- 3 |  4- 6 |  7- 9 | 10-12 | 13-15 | 16-18 | 19-21 | 22-24 | 25-27 || total
-------------------------+-------+-------+-------+-------+-------+-------+-------+-------+-------++-------
Melee: Dagger            |     3 |    12 |    11 |   173 |   334 |    30 |       |       |       ||   563
       Falchion          |       |       |    33 |       |       |       |       |       |       ||    33
       Staff             |       |       |       |       |       |       |    11 |     4 |    58 ||    73
 Cast: Magic Dart        |    75 |   150 |   542 |   307 |    95 |    20 |    87 |    13 |       ||  1289
       Conjure Flame     |     1 |     4 |    54 |    78 |    42 |       |       |       |       ||   179
       Call Imp          |       |    11 |    15 |     9 |       |       |       |       |       ||    35
       Mephitic Cloud    |       |    13 |    37 |    42 |     6 |     1 |       |       |       ||    99
       Repel Missiles    |       |     2 |       |       |     1 |     5 |     3 |     3 |       ||    14
       Blink             |       |     5 |     4 |    11 |    17 |     6 |    15 |       |       ||    58
       Sticky Flame      |       |       |       |   115 |   154 |     3 |     5 |     2 |       ||   279
       Fireball          |       |       |       |    72 |   422 |   318 |   392 |   102 |       ||  1306
       Lee's Rapid Decon |       |       |       |       |   108 |    65 |   202 |   196 |       ||   571
       Force Lance       |       |       |       |       |    37 |    81 |    69 |    31 |    79 ||   297
       Venom Bolt        |       |       |       |       |     3 |    17 |       |       |       ||    20
       Iron Shot         |       |       |       |       |       |    26 |    17 |       |       ||    43
       Iskenderun's Batt |       |       |       |       |       |     9 |    39 |    20 |     1 ||    69
       Bolt of Magma     |       |       |       |       |       |     5 |    15 |       |       ||    20
       Haste             |       |       |       |       |       |     3 |     5 |     8 |    40 ||    56
       Bolt of Fire      |       |       |       |       |       |       |   231 |   389 |   821 ||  1441
       Lehudib's Crystal |       |       |       |       |       |       |    15 |    54 |  1214 ||  1283
       Freezing Cloud    |       |       |       |       |       |       |     2 |     4 |     2 ||     8
       Controlled Blink  |       |       |       |       |       |       |     1 |     9 |    43 ||    53
       Fire Storm        |       |       |       |       |       |       |       |    21 |  1029 ||  1050
       Deflect Missiles  |       |       |       |       |       |       |       |     1 |     5 ||     6
       Shatter           |       |       |       |       |       |       |       |       |   193 ||   193
       Ring of Flames    |       |       |       |       |       |       |       |       |    45 ||    45
       Glaciate          |       |       |       |       |       |       |       |       |   416 ||   416
       Necromutation     |       |       |       |       |       |       |       |       |   455 ||   455
Invok: Channel Energy    |       |       |       |    16 |    52 |   117 |    88 |   154 |  5632 ||  6059
       Forget Spell      |       |       |       |       |     1 |       |     2 |     5 |     3 ||    11
 Abil: End Transformatio |       |       |       |       |       |       |       |       |    14 ||    14
       Evoke Flight      |       |       |       |       |       |       |       |       |     3 ||     3
Evoke: Wand              |       |       |     1 |     1 |       |     5 |     2 |       |    20 ||    29
       Phial of floods   |       |       |       |       |       |       |       |       |     1 ||     1
  Use: Scroll            |       |     4 |    12 |     9 |    10 |    10 |    10 |     5 |    88 ||   148
       Potion            |       |       |       |       |     2 |     8 |     4 |       |    27 ||    41
 Stab: Confused          |       |     2 |     6 |     5 |     2 |       |       |       |       ||    15
       Sleeping          |       |       |       |       |     1 |       |       |       |       ||     1
       Distracted        |       |       |       |       |       |       |       |       |     1 ||     1
  Eat: Chunk             |     1 |    10 |    21 |    33 |    71 |    47 |    52 |    55 |    66 ||   356
       Bread ration      |       |       |     1 |       |       |       |     1 |     7 |     6 ||    15
       Fruit             |       |       |       |     1 |     2 |    10 |    23 |     4 |    31 ||    71
       Royal jelly       |       |       |       |     1 |     1 |       |     1 |       |       ||     3
       Beef jerky        |       |       |       |       |       |     6 |     5 |     2 |     6 ||    19
       Pizza             |       |       |       |       |       |       |    12 |     1 |     2 ||    15
       Meat ration       |       |       |       |       |       |       |       |       |     5 ||     5
